 Dungeon Crawl Stone Soup version 0.29.0-5-ge4962eb29e (webtiles) character file.

Game seed: 14279584354145195727

98 rlgrobin the Grave Robber (level 4, -7/18 HPs)
             Began as a Vine Stalker Necromancer on Aug 28, 2022.
             Was a Follower of Hepliaklqana.
             Mangled by experimilk's ghost (11 damage)
             ... on level 3 of the Dungeon.
             The game lasted 00:13:38 (3384 turns).

rlgrobin the Grave Robber (VSNe)                    Turns: 3384, Time: 00:13:38

Health: -7/18      AC:  2    Str: 10    XL:     4   Next: 71%
Magic:  0/10       EV: 12    Int: 17    God:    Hepliaklqana [*.....]
Gold:   119        SH:  0    Dex: 15    Spells: 6/10 levels left

rFire   . . .      SeeInvis .   (no weapon)
rCold   . . .      Faith    .   (no shield)
rNeg    . . .      Spirit   +   a - +0 robe
rPois   .          Reflect  .   (no helmet)
rElec   .          Harm     .   (no cloak)
rCorr   .          Rampage  .   (no gloves)
Will    .....                   (no boots)
Stlth   ++........              (no amulet)
HPRegen 0.86/turn               (no ring)
MPRegen 0.12/turn               (no ring)

@: brilliant
A: reduced essence, fangs 2, regeneration 1, magic shield, antimagic bite, no
potion heal 2
a: Renounce Religion, Recall Ancestor, Ancestor Identity


You were on level 3 of the Dungeon.
You worshipped Hepliaklqana.
Hepliaklqana was aware of your devotion.
You visited 1 branch of the dungeon, and saw 3 of its levels.

You collected 119 gold pieces.

Inventory:

Armour
 a - a +0 robe (worn)
Jewellery
 j - a ring of fire
Scrolls
 b - a scroll of immolation {unknown}
 d - a scroll of silence {unknown}
 e - 2 scrolls of butterflies {unknown}
 h - 3 scrolls of identify {unknown}
 i - a scroll of brand weapon {unknown}
Potions
 f - 2 potions of curing {unknown}
 g - a potion of flight {unknown}
 k - a potion of cancellation {unknown}
 l - a potion of ambrosia {unknown}


   Skills:
 + Level 1.6 Dodging
 + Level 2.5 Stealth
 * Level 3.6 Spellcasting
 * Level 5.0 Necromancy


You had 6 spell levels left.
You knew the following spells:

 Your Spells              Type           Power      Damage    Failure   Level
a - Necrotise             Necr           100%       1d9       1%          1
b - Vampiric Draining     Necr           30%        2d8       6%          3

Your spell library contained the following spells:

 Spells                   Type           Power      Damage    Failure   Level
 Animate Dead             Necr           30%        N/A       21%         4
 Agony                    Necr           30%        N/A       50%         5


Dungeon Overview and Level Annotations

Branches:
Dungeon (3/15)

Altars:
Hepliaklqana

Annotations:
D:3 experimilk's ghost, weakling PaAK


Innate Abilities, Weirdness & Mutations

Your life essence is reduced to manifest your ancestor. (-10% HP)
You have extremely sharp teeth.
Your natural rate of healing is unusually fast.
When hurt, damage is shared between your health and your magic reserves.
Your bite disrupts and absorbs the magic of your enemies.
Potions cannot restore your health.


Message History

You hit experimilk's ghost but do no damage.
Experimilk's ghost is heavily damaged.
Experimilk's ghost barely misses you.
Hsekiu barely misses experimilk's ghost.
You hit experimilk's ghost but do no damage.
You bite experimilk's ghost, but do no damage.
Experimilk's ghost is heavily damaged.
Experimilk's ghost misses you.
Hsekiu hits experimilk's ghost but does no damage.
You hit experimilk's ghost. You bite experimilk's ghost. You drain its power.
You feel invigorated.
Experimilk's ghost is heavily damaged.
Experimilk's ghost hits you.
Hsekiu hits experimilk's ghost but does no damage.
You hit experimilk's ghost but do no damage.
You bite experimilk's ghost, but do no damage.
Experimilk's ghost is heavily damaged.
Experimilk's ghost misses you.
Hsekiu hits experimilk's ghost but does no damage.
You barely miss experimilk's ghost.
Experimilk's ghost is heavily damaged.
Experimilk's ghost hits you!
Hsekiu hits experimilk's ghost.
Casting: Necrotise (safe; 1% risk of failure)
Confirm with . or Enter, or press ? or * to list all spells.
You can't see any susceptible monsters within range! (Use Z to cast anyway.) Unknown command.
You hit experimilk's ghost.
Experimilk's ghost is severely damaged.
Experimilk's ghost misses you.
Hsekiu hits experimilk's ghost.
You catch the helpless experimilk's ghost completely off-guard!
You hit experimilk's ghost.
Experimilk's ghost is severely damaged.
Experimilk's ghost hits you!
* * * LOW HITPOINT WARNING * * *
Hsekiu hits experimilk's ghost but does no damage.
It was a potion of brilliance.
You feel clever all of a sudden. Experimilk's ghost hits you!
Ouch! That really hurt!
You die...

.#....###..........#...##.#
.....##⌠##...#..........#.#
....##...##.............#.#
...##..?..##............#.#
...#⌠..♣...'...###.#.#..#.#
...##..!..##...# #.#.#..#.#
....##...##....###.#.#..#.#
.....##⌠##..............#.##
......###.......@W.........#
#...........#..###R#.##.#.##
............#..# #.#.##.#.###
.........#..#..###.####.#.#.#
#...##...#................#.#
#...##...#.#.#.#...####...#.#
....##...#.#.......# #...#.#
#............#.#...# #...#.#
.........#.#.......# #...#.##


You could see the friendly Hsekiu the ancestor and experimilk's ghost (ally
target).

Vanquished Creatures
  An adder (D:2)
  4 worms
  A dart slug (D:2)
  4 orcs (D:3)
  7 ball pythons
  4 bats
  An endoplasm (D:2)
  9 goblins
  4 hobgoblins
  2 jackals (D:3)
  A quokka (D:2)
  A frilled lizard (D:3)
  5 kobolds
  8 rats
52 creatures vanquished.

Vanquished Creatures (collateral kills)
  An adder (D:3)
  A dart slug (D:3)
  A ball python (D:3)
  A kobold (D:3)
  5 rats
9 creatures vanquished.

Grand Total: 61 creatures vanquished

Notes
Turn   | Place    | Note
-------+----------+-------------------------------------------
     0 | D:1      | rlgrobin the Vine Stalker Necromancer began the quest for
                  | the Orb.
     0 | D:1      | Reached XP level 1. HP: 9/9 MP: 4/4
   312 | D:1      | Reached XP level 2. HP: 13/13 MP: 0/6
  1497 | D:2      | Reached XP level 3. HP: 16/16 MP: 4/7
  1686 | D:2      | Learned a level 3 spell: Vampiric Draining
  1824 | D:2      | Found a hazy altar of Hepliaklqana.
  1829 | D:2      | Became a worshipper of Hepliaklqana the Forgotten
  2150 | D:2      | Gained mutation: Your natural rate of healing is unusually
                  | fast. [Vine Stalker growth]
  2150 | D:2      | Reached XP level 4. HP: 21/21 MP: 2/9
  2473 | D:3      | Reached * piety under Hepliaklqana
  2635 | D:3      | Found a runed translucent door.
  2636 | D:3      | Noticed experimilk's ghost (weakling PaAK)
  2673 | D:3      | Reached skill level 5 in Necromancy
  3384 | D:3      | Mangled by experimilk's ghost

Illustrated notes

Levels and vault maps discovered:
D:1:      dpeg_arrival_ratfight, layout_basic
D:2:      layout_rooms, basic_altar
D:3:      layout_basic, hellmonk_ghost_happy_afterlife, glass_columns_a

Skill      XL: |  1  2  3  4 |
---------------+-------------+-----
Spellcasting   | 3 |  3.6
Necromancy     | 5 |  5.0
Dodging        | |  1.6
Stealth        | |  2.5

Action                   |  1- 3 |  4- 6 || total
-------------------------+-------+-------++-------
Melee: Unarmed           |     5 |    16 ||    21
       Bite              |     1 |     7 ||     8
 Cast: Necrotise         |    86 |    35 ||   121
  Use: Potion            |     1 |     1 ||     2
 Stab: Distracted        |       |     1 ||     1
Armor: Robe              |     3 |       ||     3
Dodge: Dodged            |    10 |    22 ||    32
